 Dungeon Crawl Stone Soup version 0.28.0-43-g3370ac3207 (webtiles) character file.

Game seed: 16466496121605070981

107 Jenx the Shield-Bearer (level 4, -2/44 HPs)
             Began as a Troll Fighter on Mar 17, 2022.
             Slain by a gnoll
             ... wielding a +0 halberd
              (9 damage)
             ... on level 3 of the Dungeon.
             The game lasted 00:04:01 (1780 turns).

Jenx the Shield-Bearer (Troll Fighter)              Turns: 1780, Time: 00:04:01

Health: -2/44      AC:  4    Str: 24    XL:     4   Next: 56%
Magic:  3/3        EV:  8    Int:  4    God:
Gold:   53         SH:  8    Dex: 11    Spells: 3/3 levels left

rFire   . . .      SeeInvis .     - Unarmed
rCold   . . .      Faith    .   b - +0 kite shield
rNeg    . . .      Spirit   .   a - +0 robe
rPois   .          Reflect  .   (helmet restricted)
rElec   .          Harm     .   (no cloak)
rCorr   .          Rampage  .   (gloves unavailable)
Will    .....                   (boots unavailable)
Stlth   +.........              (no amulet)
HPRegen 0.94/turn               (no ring)
MPRegen 0.08/turn               (no ring)

@: no status effects
A: large, unfitting armour, claws 3, regeneration 1, shaggy fur 1, tough skin 1
a: no special abilities


You were on level 3 of the Dungeon.
You visited 1 branch of the dungeon, and saw 3 of its levels.

You collected 53 gold pieces.

Inventory:

Hand Weapons
 l - the +8 dagger of the Eternal Warrior {freeze, *Rage Will+ Str+6}
   (You found it on level 2 of the Dungeon)

   It freezes those it strikes, dealing additional cold damage.
   It can also slow down cold-blooded creatures.
   Str:       It affects your strength (+6).
   *Rage:     It berserks you when you make melee attacks (+20% chance).
   Will:      It increases your willpower.
Armour
 a - a +0 robe (worn)
 b - a +0 kite shield (worn)
Scrolls
 d - 2 scrolls of amnesia {unknown}
 e - 2 scrolls of identify {unknown}
 f - 3 scrolls of teleportation {unknown}
 i - a scroll of blinking {unknown}
 j - a scroll of immolation {unknown}
Potions
 c - a potion of might
 g - a potion of curing {unknown}
 h - a potion of flight {unknown}
 k - a potion of heal wounds {unknown}


   Skills:
 + Level 2.8 Fighting
 + Level 1.1 Armour
 - Level 2.4 Dodging
 * Level 3.2 Shields
 * Level 3.2 Unarmed Combat


You had 3 spell levels left.
You didn't know any spells.
Your spell library was empty.

Dungeon Overview and Level Annotations

Branches:
Dungeon (3/15)

Altars:

Shops:
D:1 *


Innate Abilities, Weirdness & Mutations

You are too large for most types of armour.
You have claws for hands.
Your natural rate of healing is unusually fast.
You are covered in fur. (AC +1)
You have tough skin. (AC +1)


Message History

You closely miss the rat. You block the rat's attack.
You closely miss the rat. The rat bites you.
You closely miss the rat. The rat closely misses you.
You completely miss the rat. The rat bites you but does no damage.
You closely miss the rat. You block the rat's attack. x2
You scratch the rat.
You kill the rat!
You barely miss the adder. You block the adder's attack.
The gnoll hits you from afar with a +0 halberd!
The adder barely misses you.
You scratch the adder.
The adder is moderately wounded.
You block the gnoll's attack. The adder bites you.
You are poisoned.
The adder poisons you!
You scratch the adder.
The adder is severely wounded.
You feel sick. You block the adder's attack.
The gnoll hits you from afar with a +0 halberd!
You miss the adder.
The adder is severely wounded.
You feel sick. The adder bites you but does no damage.
You block the gnoll's attack. The adder barely misses you.
You scratch the adder.
The adder is almost dead.
You feel sick. The gnoll barely misses you.
The adder bites you but does no damage.
You scratch the adder but do no damage.
The adder is almost dead.
You feel sick. The adder bites you.
The gnoll hits you from afar with a +0 halberd!
* * * LOW HITPOINT WARNING * * *
You claw the adder!
You kill the adder!
You feel sick. You block the gnoll's attack.
You feel sick.
You are no longer poisoned.
You block the gnoll's attack.
You closely miss the gnoll. The gnoll hits you with a +0 halberd!
You die...

#....K.#
.......
#######.....g#
.......
#..........gJ#
.......
#.########'#S#
....... #.#
#.#g# #.#
#.#.# #.#
#<#.#
#.##########J#
#.........@gS#
##############


You could see a gnoll, an endoplasm and a ball python.

Vanquished Creatures
  3 gnolls (D:2)
  2 adders
  2 worms (D:2)
  2 dart slugs (D:2)
  4 bats
  5 endoplasms
  2 giant cockroaches (D:2)
  7 goblins
  5 hobgoblins
  2 jackals (D:1)
  A quokka (D:2)
  4 ball pythons
  5 frilled lizards
  7 kobolds
  3 rats
54 creatures vanquished.

Notes
Turn   | Place    | Note
-------+----------+-------------------------------------------
     0 | D:1      | Jenx the Troll Fighter began the quest for the Orb.
     0 | D:1      | Reached XP level 1. HP: 22/22 MP: 0/0
   135 | D:1      | Reached XP level 2. HP: 29/29 MP: 1/1
   353 | D:1      | Found a faded altar of an unknown god.
   505 | D:1      | Found Guerch's General Store.
   758 | D:2      | Reached XP level 3. HP: 36/36 MP: 2/2
  1258 | D:2      | Reached skill level 1 in Armour
  1359 | D:2      | Reached XP level 4. HP: 35/44 MP: 3/3
  1665 | D:2      | Identified the +8 dagger of the Eternal Warrior {freeze,
                  | *Rage Will+ Str+6}
  1780 | D:3      | Slain by a gnoll

Illustrated notes

Levels and vault maps discovered:
D:1:      scummos_arrival_hexagon, layout_loops_cross,
          shapermc_ecumenical_altar_mp_highgroup, serial_shops, shop,
          chequers_serial_rivers_micro_d
D:2:      layout_basic, minmay_misc_feat_x
D:3:      layout_basic

Skill      XL: |  1  2  3 |
---------------+----------+-----
Shields        | 3 |  3.2
Armour         | 1 |  1.1
Unarmed Combat | 3 |  3.2
Fighting       | |  2.8
Dodging        | |  2.4

Action                   |  1- 3 |  4- 6 || total
-------------------------+-------+-------++-------
Melee: Unarmed           |   108 |    34 ||   142
 Stab: Sleeping          |     1 |       ||     1
Armor: Robe              |    38 |     9 ||    47
Dodge: Dodged            |    42 |    12 ||    54
Block: Kite shield       |    28 |    23 ||    51
